 Dungeon Crawl Stone Soup version 0.30-a0-136-gea98e250e0 (webtiles) character file.

Game seed: 4936236624399031105

24 Kinoniko the Chopper (level 2, 0/26 HPs)
             Began as a Minotaur Berserker on Sept 21, 2022.
             Was a Follower of Trog.
             Frozen to death by an endoplasm (5 damage)
             ... on level 1 of the Dungeon.
             The game lasted 00:00:30 (726 turns).

Kinoniko the Chopper (Minotaur Berserker)            Turns: 726, Time: 00:00:31

Health: 0/26       AC:  2    Str: 21    XL:     2   Next: 79%
Magic:  1/1        EV: 11    Int:  4    God:    Trog [*.....]
Gold:   78         SH:  2    Dex:  9    Spells: 1/1 levels left

rFire   . . .      SeeInvis .    a - +0 hand axe
rCold   . . .      Faith    .    d - +0 buckler
rNeg    . . .      Spirit   .    b - +0 animal skin
rPois   .          Reflect  .    (helmet restricted)
rElec   .          Harm     .    (no cloak)
rCorr   .          Rampage  .    (no gloves)
Will    .....                    (no boots)
Stlth   +.........               (no amulet)
HPRegen 0.08/turn                (no ring)
MPRegen 0.07/turn                (no ring)

@: no status effects
A: horns 2, retaliatory headbutt
a: Renounce Religion, Berserk


You were on level 1 of the Dungeon.
You worshipped Trog.
Trog was aware of your devotion.
You visited 1 branch of the dungeon, and saw 1 of its levels.

You collected 78 gold pieces.

Inventory:

Hand Weapons
 a - a +0 hand axe (weapon)
Missiles
 e - 6 javelins (quivered)
Armour
 b - a +0 animal skin (worn)
 d - a +0 buckler (worn)
Scrolls
 c - a scroll of enchant armour {unknown}
 f - a scroll of brand weapon {unknown}
 g - a scroll of amnesia {unknown}


   Skills:
 - Level 3.6 Fighting
 * Level 5.0 Axes
 - Level 2.4 Armour
 - Level 2.1 Dodging


You had one spell level left.
You didn't know any spells.
Your spell library was empty.

Dungeon Overview and Level Annotations

Branches:
Dungeon (1/15)

Altars:


Innate Abilities, Weirdness & Mutations

You have a pair of horns on your head.
You reflexively headbutt those who attack you in melee.


Message History

The goblin is almost dead.
The goblin closely misses you.
You hit the goblin.
You kill the goblin!
Trog accepts your kill. The bat barely misses you. x2
You hit the bat.
You kill the bat!
Trog accepts your kill.
You barely miss the jackal. Your headbutt misses the jackal.
The jackal bites you. The jackal misses you. You furiously retaliate!
You headbutt the jackal!
You kill the jackal!
Trog accepts your kill.
Your Axes skill increases to level 5!
You block the endoplasm's attack.
Items here: ))) †††††.
You hit the endoplasm but do no damage. The endoplasm freezes you.
You are frozen.
You are too injured to fight recklessly!
You are too injured to fight recklessly!
You are too injured to fight recklessly!
You are too injured to fight recklessly!
You are too injured to fight recklessly!
You are too injured to fight recklessly!
Unknown command.
You are too injured to fight recklessly!
You fail to use your ability.
The endoplasm freezes you.
You are frozen.
* * * LOW HITPOINT WARNING * * *
You hit the endoplasm but do no damage.
The endoplasm hits you but does no damage.
The endoplasm hits you.
* * * LOW HITPOINT WARNING * * *
You hit the endoplasm but do no damage. The endoplasm freezes you.
You are frozen.
You die...

#.......# #..# #.#######
##....#.# ##..# #.#
.....#.# #.... #.#
....... #...# #.# .....
#...# #.# .... ..##.>.#
#.# #B. ......... #.#
#J# #####...# #.# #@#
.......# #.# #.#
#.##.#.# #.# #.# # #....
#.# #.# #.#.. #.#######
#.# #....
#...†...########.#######
...###..
#######.................
#......
##########.....###
...####. #####.#
#.#####.


You could see an endoplasm and a giant cockroach.

Vanquished Creatures
  2 dart slugs (D:1)
  A bat (D:1)
  3 goblins (D:1)
  3 hobgoblins (D:1)
  2 jackals (D:1)
  A quokka (D:1)
  A ball python (D:1)
  3 kobolds (D:1)
  A rat (D:1)
17 creatures vanquished.

Notes
Turn   | Place    | Note
-------+----------+-------------------------------------------
     0 | D:1      | Kinoniko the Minotaur Berserker began the quest for the
                  | Orb.
     0 | D:1      | Reached XP level 1. HP: 19/19 MP: 0/0
    74 | D:1      | Reached skill level 4 in Axes
   290 | D:1      | Reached XP level 2. HP: 25/26 MP: 1/1
   722 | D:1      | Reached skill level 5 in Axes
   726 | D:1      | Frozen to death by an endoplasm

Illustrated notes

Levels and vault maps discovered:
D:1:      co_arrival_square_in_a_square_in_a_square, layout_loops_ring,
          ebering_ecumenical_altar_abandoned

Skill      XL: |  1  2 |
---------------+-------+-----
Axes           | 4 5 |  5.0
Fighting       | |  3.6
Armour         | |  2.4
Dodging        | |  2.1

Action                   || total
-------------------------++-------
Melee: Hand axe          ||    41
       Headbutt          ||     5
 Stab: Sleeping          ||     1
Armor: Animal skin       ||     9
Dodge: Dodged            ||    15
Block: Buckler           ||     5

Table legend: (Time is in decaauts)
 A = Elapsed time spent in this place.
 B = Non-inter-level travel time spent in this place.
 C = Inter-level travel time spent in this place.
 D = Time resting spent in this place.
 E = Time spent auto-exploring this place.
 F = Levels seen in this place.
 G = Mean time per level.
                   A        B        C        D        E       F      G
               +--------+--------+--------+--------+--------+-----+--------+
         Total |    731 |    731 |      0 |      0 |    620 |   1 |  731.0 |
       Dungeon |    731 |    731 |      0 |      0 |    620 |   1 |  731.0 |
               +--------+--------+--------+--------+--------+-----+--------+

Top non-repeatable levels by time:
     D:1: 731 daAuts
